[ PARTIDA AOE2 · #468784681 ]
UnrankedPolacos vs None
Equipo del jugador · DERR
Equipo rival · VICT
[ ANÁLISIS DE REPETICIÓN · EXTRAÍDO DE LA PARTIDA GRABADA ]
Feudal
—
Castillos
—
Imperial
—
| APM promedio | 53.3 |
| APM pico | 95 |
| eAPM promedio | 21.4 |
| Aldeanos / militares | 0 / 883 |
Foco
⚔️ 93.3% · 🌾 6.7%
Knight ×814 · Battering Ram ×69
Feudal
—
Castillos
—
Imperial
—
| APM promedio | 65.5 |
| APM pico | 100 |
| eAPM promedio | 49.5 |
| Aldeanos / militares | 0 / 1739 |
Foco
⚔️ 91.7% · 🌾 8.3%
Unknown (2582) ×1455 · Archer ×1406 · Petard ×239 · Unknown (2550) ×120 · Battering Ram ×49 · Spearman ×45
Feudal
—
Castillos
—
Imperial
—
| APM promedio | 14.8 |
| APM pico | 51 |
| eAPM promedio | 11.4 |
| Aldeanos / militares | 0 / 2227 |
Foco
⚔️ 95.7% · 🌾 4.3%
Militia ×2012 · Spearman ×170 · Unknown (1661) ×58 · Battering Ram ×45
Feudal
—
Castillos
—
Imperial
—
| APM promedio | 0.0 |
| APM pico | 2 |
| eAPM promedio | 0.0 |
| Aldeanos / militares | 0 / 0 |
Feudal
—
Castillos
—
Imperial
—
| APM promedio | 16.9 |
| APM pico | 45 |
| eAPM promedio | 10.8 |
| Aldeanos / militares | 0 / 1688 |
Foco
⚔️ 89.6% · 🌾 10.4%
Knight ×1271 · Archer ×387 · Scout Cavalry ×30
Feudal
—
Castillos
—
Imperial
—
| APM promedio | 18.7 |
| APM pico | 76 |
| eAPM promedio | 15.1 |
| Aldeanos / militares | 0 / 589 |
Foco
⚔️ 95.4% · 🌾 4.6%
Knight ×285 · Cavalry Archer ×143 · Hand Cannoneer ×141 · Steppe Lancer ×18 · Camel Scout ×2
Feudal
—
Castillos
—
Imperial
—
| APM promedio | 25.9 |
| APM pico | 56 |
| eAPM promedio | 15.1 |
| Aldeanos / militares | 0 / 184 |
Foco
⚔️ 79.4% · 🌾 20.6%
Battering Ram ×155 · Spearman ×28 · Militia ×1
Feudal
—
Castillos
—
Imperial
—
| APM promedio | 40.3 |
| APM pico | 144 |
| eAPM promedio | 36.9 |
| Aldeanos / militares | 0 / 2146 |
Foco
⚔️ 97.0% · 🌾 3.0%
Knight ×1547 · Skirmisher ×387 · Hand Cannoneer ×211 · Cavalry Archer ×1
Mapa de la partida
Recursos iniciales + cada clic de construcción. Líneas = muros · curvas = relieve. ◆ oro · ⬟ piedra · ● bayas · ✦ reliquia · ◌ hueco del cierre
Tu base· ✓ Separados por el mapa
Base de [ ARKI ! ]· Abierta — flanco sin cerrar
Base de Johnny· Abierta — flanco sin cerrar
Base de christbrain· Abierta — flanco sin cerrar
Base de Hamzah A B· ✓ Separados por el mapa
Base de carlos· Abierta — flanco sin cerrar
Base de Jorge Rial· Abierta — flanco sin cerrar
Base de Rntotal10· Abierta — flanco sin cerrar
Terreno inicial suavizado · ◌ = hueco del cierre detectado · pasá el cursor para detalles
Inputs por minuto
— zedian - - [ ARKI ! ]
Build order — zedian
Primeras 150 de 234 acciones detectadas
| 10:11 | Investigar | Chain Mail Armor |
| 10:16 | Investigar | Ballistics |
| 10:17 | Investigar | Treadmill Crane |
| 10:18 | Investigar | Guard Tower (upgrade) |
| 10:22 | Investigar | Szlachta Privileges |
| 11:46 | Investigar | Bodkin Arrow |
| 15:07 | Construir | Stable |
| 15:09 | Construir | Stable |
| 16:02 | Investigar | Bloodlines |
| 16:03 | Investigar | Husbandry |
| 16:13 | Investigar | Chain Barding Armor |
| 16:51 | Construir | Stable |
| 16:55 | Construir | Stable |
| 16:59 | Investigar | Bloodlines |
| 17:01 | Investigar | Husbandry |
| 18:05 | Crear | Knight ×5 |
| 18:06 | Crear | Knight ×5 |
| 18:16 | Construir | Stable |
| 19:16 | Crear | Knight ×5 |
| 19:17 | Crear | Knight ×5 |
| 19:17 | Crear | Knight ×5 |
| 19:19 | Crear | Knight ×5 |
| 19:19 | Crear | Knight ×5 |
| 19:19 | Crear | Knight ×5 |
| 19:20 | Crear | Knight ×5 |
| 19:20 | Crear | Knight ×5 |
| 19:20 | Crear | Knight ×5 |
| 19:28 | Construir | Stable |
| 20:12 | Crear | Knight ×5 |
| 20:17 | Crear | Knight ×5 |
| 20:17 | Crear | Knight ×5 |
| 20:18 | Crear | Knight ×5 |
| 20:18 | Crear | Knight ×5 |
| 20:18 | Crear | Knight ×5 |
| 20:18 | Crear | Knight ×3 |
| 20:32 | Construir | Watch Tower |
| 20:33 | Construir | Watch Tower |
| 20:35 | Construir | Watch Tower |
| 21:13 | Investigar | Plate Mail Armor |
| 21:14 | Investigar | Plate Mail Armor |
| 21:14 | Investigar | Blast Furnace |
| 21:17 | Investigar | Bracer |
| 21:18 | Investigar | Leather Archer Armor |
| 21:21 | Investigar | Cavalier (upgrade) |
| 21:24 | Investigar | Conscription |
| 21:27 | Investigar | Elite Obuch (upgrade) |
| 21:28 | Investigar | Lechitic Legacy |
| 21:29 | Investigar | Spies/Treason |
| 21:29 | Investigar | Spies/Treason |
| 21:33 | Investigar | Siege Engineers |
| 21:35 | Investigar | Arrowslits |
| 21:36 | Investigar | Chemistry |
| 21:37 | Investigar | Keep (upgrade) |
| 22:40 | Crear | Knight ×5 |
| 22:41 | Crear | Knight ×5 |
| 22:41 | Crear | Knight ×5 |
| 22:41 | Crear | Knight ×5 |
| 22:42 | Crear | Knight ×4 |
| 22:54 | Crear | Knight ×5 |
| 22:55 | Crear | Knight ×5 |
| 22:55 | Crear | Knight ×2 |
| 26:19 | Construir | Stable |
| 26:21 | Construir | Stable |
| 27:28 | Construir | Stable |
| 27:30 | Construir | Stable |
| 27:31 | Construir | Stable |
| 27:43 | Construir | Siege Workshop |
| 28:58 | Investigar | Capped Ram (upgrade) |
| 29:09 | Construir | Watch Tower |
| 31:15 | Crear | Knight ×5 |
| 31:15 | Crear | Knight ×5 |
| 31:16 | Crear | Knight ×5 |
| 31:16 | Crear | Knight ×5 |
| 31:16 | Crear | Knight ×5 |
| 31:16 | Crear | Knight ×5 |
| 31:17 | Crear | Knight ×5 |
| 31:17 | Crear | Knight ×5 |
| 31:18 | Crear | Knight ×5 |
| 31:18 | Crear | Knight ×5 |
| 31:19 | Crear | Knight ×5 |
| 31:19 | Crear | Knight ×5 |
| 31:19 | Crear | Knight ×5 |
| 31:20 | Crear | Knight ×5 |
| 31:20 | Crear | Knight ×5 |
| 31:20 | Crear | Knight ×5 |
| 31:20 | Crear | Knight ×5 |
| 31:21 | Crear | Knight ×5 |
| 31:21 | Crear | Knight ×5 |
| 31:21 | Crear | Knight ×5 |
| 31:22 | Crear | Knight ×5 |
| 31:22 | Crear | Knight ×5 |
| 31:27 | Construir | Watch Tower |
| 31:29 | Construir | Watch Tower |
| 31:30 | Construir | Watch Tower |
| 31:31 | Crear | Battering Ram |
| 31:32 | Crear | Battering Ram |
| 31:33 | Crear | Battering Ram ×5 |
| 31:40 | Investigar | Siege Ram (upgrade) |
| 31:40 | Investigar | Siege Ram (upgrade) |
| 32:13 | Crear | Knight ×5 |
| 32:14 | Crear | Knight ×5 |
| 32:14 | Crear | Knight ×5 |
| 32:14 | Crear | Knight ×5 |
| 32:15 | Crear | Knight ×5 |
| 32:15 | Crear | Knight ×5 |
| 32:15 | Crear | Knight ×5 |
| 32:52 | Construir | Watch Tower |
| 32:58 | Construir | Watch Tower |
| 32:59 | Construir | Watch Tower |
| 32:59 | Construir | Watch Tower |
| 33:02 | Crear | Battering Ram ×5 |
| 33:03 | Crear | Battering Ram ×5 |
| 33:03 | Crear | Battering Ram ×5 |
| 33:04 | Crear | Battering Ram ×5 |
| 35:40 | Crear | Battering Ram ×4 |
| 38:31 | Crear | Knight ×5 |
| 38:31 | Crear | Knight ×5 |
| 38:32 | Crear | Knight ×5 |
| 38:32 | Crear | Knight ×5 |
| 38:33 | Crear | Knight ×5 |
| 38:33 | Crear | Knight ×5 |
| 38:33 | Crear | Knight ×5 |
| 39:14 | Crear | Battering Ram ×5 |
| 40:55 | Crear | Knight ×5 |
| 40:56 | Crear | Knight ×5 |
| 40:56 | Crear | Knight ×5 |
| 40:56 | Crear | Knight ×5 |
| 40:57 | Crear | Knight ×5 |
| 40:57 | Crear | Knight ×5 |
| 40:57 | Crear | Knight ×5 |
| 40:58 | Crear | Knight ×5 |
| 40:58 | Crear | Knight ×5 |
| 40:58 | Crear | Knight ×5 |
| 40:59 | Crear | Knight ×5 |
| 40:59 | Crear | Knight ×5 |
| 40:59 | Crear | Knight ×5 |
| 43:24 | Crear | Battering Ram ×5 |
| 43:25 | Crear | Battering Ram ×3 |
| 44:32 | Crear | Knight ×5 |
| 44:32 | Crear | Knight ×5 |
| 44:33 | Crear | Knight ×5 |
| 44:33 | Crear | Knight ×5 |
| 44:33 | Crear | Knight ×5 |
| 44:34 | Crear | Knight ×5 |
| 44:34 | Crear | Knight ×5 |
| 44:34 | Crear | Knight ×5 |
| 44:35 | Crear | Knight ×5 |
| 44:35 | Crear | Knight ×5 |
| 44:35 | Crear | Knight ×5 |
| 44:35 | Crear | Knight ×5 |
Build order — [ ARKI ! ]
Primeras 150 de 874 acciones detectadas
| 5:18 | Investigar | Bodkin Arrow |
| 5:19 | Investigar | Leather Archer Armor |
| 5:19 | Investigar | Iron Casting |
| 5:19 | Investigar | Chain Mail Armor |
| 5:23 | Investigar | Ballistics |
| 5:24 | Investigar | Treadmill Crane |
| 5:24 | Investigar | Guard Tower (upgrade) |
| 5:25 | Investigar | Careening |
| 5:26 | Investigar | Tech 908 |
| 5:27 | Investigar | Tech 1392 |
| 9:06 | Construir | Archery Range |
| 9:12 | Construir | Archery Range |
| 10:00 | Construir | Archery Range |
| 10:01 | Construir | Archery Range |
| 10:04 | Investigar | Crossbowman (upgrade) |
| 10:04 | Investigar | Elite Skirmisher (upgrade) |
| 10:48 | Crear | Petard ×5 |
| 11:07 | Crear | Petard ×5 |
| 11:07 | Crear | Petard ×5 |
| 11:10 | Construir | Archery Range |
| 11:11 | Construir | Archery Range |
| 11:13 | Construir | Archery Range |
| 11:13 | Construir | Archery Range |
| 11:15 | Construir | Archery Range |
| 11:16 | Construir | Archery Range |
| 11:21 | Crear | Petard ×5 |
| 11:22 | Crear | Petard ×5 |
| 12:07 | Crear | Petard ×5 |
| 12:08 | Crear | Petard ×5 |
| 12:08 | Crear | Petard ×5 |
| 12:08 | Crear | Petard ×5 |
| 12:26 | Crear | Petard ×5 |
| 12:26 | Crear | Petard ×5 |
| 12:26 | Crear | Petard ×5 |
| 12:27 | Crear | Petard ×5 |
| 12:27 | Crear | Petard ×5 |
| 12:27 | Crear | Petard ×5 |
| 12:36 | Crear | Petard ×5 |
| 12:37 | Crear | Petard ×5 |
| 12:56 | Crear | Petard ×5 |
| 12:56 | Crear | Petard ×5 |
| 13:09 | Crear | Petard ×5 |
| 13:09 | Crear | Petard ×5 |
| 13:09 | Crear | Petard ×5 |
| 13:10 | Crear | Petard ×2 |
| 13:10 | Crear | Petard ×2 |
| 13:27 | Crear | Petard ×5 |
| 13:28 | Crear | Petard ×5 |
| 14:13 | Crear | Petard ×5 |
| 14:14 | Crear | Petard ×5 |
| 14:14 | Crear | Petard ×5 |
| 14:14 | Crear | Petard ×5 |
| 14:20 | Construir | Archery Range |
| 14:21 | Construir | Archery Range |
| 14:24 | Construir | Archery Range |
| 14:28 | Construir | Archery Range |
| 14:30 | Construir | Archery Range |
| 14:31 | Construir | Archery Range |
| 14:42 | Crear | Petard ×5 |
| 14:43 | Crear | Petard ×5 |
| 14:43 | Crear | Petard ×5 |
| 14:43 | Crear | Petard ×5 |
| 14:44 | Crear | Petard ×5 |
| 15:08 | Crear | Petard ×5 |
| 15:09 | Crear | Petard ×5 |
| 15:09 | Crear | Petard ×5 |
| 15:09 | Crear | Petard ×5 |
| 15:10 | Crear | Petard ×5 |
| 15:10 | Crear | Petard ×5 |
| 15:15 | Crear | Archer |
| 15:15 | Crear | Archer ×5 |
| 15:16 | Crear | Archer ×5 |
| 15:16 | Crear | Archer ×5 |
| 15:16 | Crear | Archer ×5 |
| 15:17 | Crear | Archer ×5 |
| 16:30 | Crear | Petard ×5 |
| 16:30 | Crear | Petard ×5 |
| 16:31 | Crear | Petard ×5 |
| 16:55 | Crear | Petard ×5 |
| 16:55 | Crear | Petard ×5 |
| 16:59 | Construir | Archery Range |
| 17:00 | Construir | Archery Range |
| 17:01 | Construir | Archery Range |
| 17:02 | Construir | Archery Range |
| 17:07 | Investigar | Bracer |
| 17:11 | Investigar | Tech 1393 |
| 17:12 | Investigar | Conscription |
| 17:12 | Investigar | Tech 1389 |
| 17:12 | Investigar | Sappers |
| 17:14 | Investigar | Chemistry |
| 17:15 | Investigar | Arrowslits |
| 17:15 | Investigar | Arrowslits |
| 17:29 | Investigar | Arbalester (upgrade) |
| 17:30 | Investigar | Ring Archer Armor |
| 17:36 | Investigar | Spies/Treason |
| 17:39 | Crear | Archer ×5 |
| 17:39 | Crear | Archer ×5 |
| 17:39 | Crear | Archer ×5 |
| 17:40 | Crear | Archer ×5 |
| 17:40 | Crear | Archer ×5 |
| 17:40 | Crear | Archer ×5 |
| 17:41 | Crear | Archer ×5 |
| 18:06 | Crear | Archer ×5 |
| 18:06 | Crear | Archer ×5 |
| 18:06 | Crear | Archer ×5 |
| 18:07 | Crear | Archer ×5 |
| 18:10 | Construir | Archery Range |
| 18:11 | Construir | Archery Range |
| 18:17 | Investigar | Plate Mail Armor |
| 18:21 | Investigar | Keep (upgrade) |
| 18:45 | Crear | Archer ×5 |
| 18:45 | Crear | Archer ×5 |
| 18:46 | Crear | Archer ×5 |
| 18:46 | Crear | Archer ×5 |
| 19:04 | Crear | Archer ×5 |
| 19:04 | Crear | Archer ×5 |
| 19:04 | Crear | Archer ×5 |
| 19:38 | Crear | Archer ×5 |
| 19:38 | Crear | Archer ×5 |
| 19:39 | Crear | Archer ×5 |
| 19:49 | Crear | Archer ×5 |
| 19:49 | Crear | Archer ×5 |
| 19:50 | Crear | Archer ×5 |
| 19:50 | Crear | Archer ×5 |
| 19:50 | Crear | Archer ×5 |
| 20:14 | Crear | Archer ×5 |
| 20:14 | Crear | Archer ×5 |
| 20:14 | Crear | Archer ×5 |
| 20:15 | Crear | Archer ×5 |
| 20:15 | Crear | Archer ×5 |
| 20:15 | Crear | Archer ×5 |
| 20:16 | Crear | Archer ×5 |
| 20:16 | Crear | Archer ×5 |
| 20:25 | Construir | Barracks |
| 20:26 | Construir | Settlement |
| 20:30 | Construir | Barracks |
| 20:38 | Construir | Barracks |
| 20:39 | Construir | Barracks |
| 20:40 | Construir | Barracks |
| 20:42 | Construir | Barracks |
| 20:45 | Construir | Watch Tower |
| 20:49 | Construir | Barracks |
| 20:50 | Construir | Barracks |
| 21:31 | Crear | Archer ×5 |
| 21:31 | Crear | Archer ×5 |
| 21:32 | Crear | Archer ×5 |
| 21:32 | Crear | Archer ×5 |
| 21:32 | Crear | Archer ×5 |
| 21:32 | Crear | Archer ×5 |
| 21:33 | Crear | Archer ×5 |
Build order — Johnny
Primeras 150 de 560 acciones detectadas
| 12:16 | Investigar | First Crusade |
| 12:21 | Investigar | Chain Mail Armor |
| 12:21 | Investigar | Leather Archer Armor |
| 12:22 | Investigar | Chain Barding Armor |
| 12:22 | Investigar | Bodkin Arrow |
| 12:26 | Investigar | Ballistics |
| 12:27 | Investigar | Tech 909 |
| 12:27 | Investigar | Tech 908 |
| 12:28 | Investigar | Careening |
| 26:45 | Construir | Barracks |
| 26:47 | Construir | Barracks |
| 26:54 | Construir | Barracks |
| 27:05 | Construir | Barracks |
| 27:07 | Construir | Barracks |
| 27:08 | Construir | Barracks |
| 27:10 | Construir | Barracks |
| 27:12 | Construir | Barracks |
| 27:14 | Construir | Barracks |
| 27:17 | Construir | Barracks |
| 27:29 | Construir | Barracks |
| 27:31 | Construir | Barracks |
| 27:33 | Construir | Barracks |
| 27:34 | Construir | Barracks |
| 27:37 | Construir | Barracks |
| 27:42 | Construir | Barracks |
| 28:12 | Investigar | Arson |
| 28:13 | Investigar | Squires |
| 28:22 | Investigar | Pikeman (upgrade) |
| 28:23 | Investigar | Gambesons |
| 28:25 | Investigar | Long Swordsman (upgrade) |
| 29:13 | Construir | Barracks |
| 29:14 | Construir | Barracks |
| 29:17 | Construir | Barracks |
| 29:19 | Construir | Barracks |
| 29:21 | Construir | Barracks |
| 29:40 | Crear | Militia ×5 |
| 29:40 | Crear | Militia ×5 |
| 29:41 | Crear | Militia ×5 |
| 29:41 | Crear | Militia ×5 |
| 29:41 | Crear | Militia ×5 |
| 29:42 | Crear | Militia ×5 |
| 29:42 | Crear | Militia ×5 |
| 29:42 | Crear | Militia ×5 |
| 29:42 | Crear | Militia ×5 |
| 29:43 | Crear | Militia ×5 |
| 29:43 | Crear | Militia ×5 |
| 29:43 | Crear | Militia ×5 |
| 29:44 | Crear | Militia ×5 |
| 29:44 | Crear | Militia ×5 |
| 29:44 | Crear | Militia ×5 |
| 29:45 | Crear | Militia ×5 |
| 29:45 | Crear | Militia ×5 |
| 29:45 | Crear | Militia ×5 |
| 29:45 | Crear | Militia ×5 |
| 29:46 | Crear | Militia ×5 |
| 29:46 | Crear | Militia ×5 |
| 29:46 | Crear | Militia ×5 |
| 29:49 | Crear | Militia ×5 |
| 29:49 | Crear | Militia ×5 |
| 29:49 | Crear | Militia ×5 |
| 30:09 | Construir | Barracks |
| 30:11 | Construir | Barracks |
| 30:12 | Construir | Barracks |
| 30:16 | Construir | Barracks |
| 30:18 | Construir | Barracks |
| 30:20 | Construir | Barracks |
| 30:29 | Crear | Militia ×5 |
| 30:30 | Crear | Militia ×5 |
| 30:30 | Crear | Militia ×5 |
| 30:31 | Crear | Militia ×5 |
| 30:31 | Crear | Militia ×5 |
| 30:31 | Crear | Militia ×5 |
| 30:31 | Crear | Militia ×5 |
| 30:32 | Crear | Militia ×5 |
| 30:32 | Crear | Militia ×5 |
| 30:32 | Crear | Militia ×5 |
| 30:33 | Crear | Militia |
| 32:02 | Crear | Militia ×5 |
| 32:02 | Crear | Militia ×5 |
| 32:02 | Crear | Militia ×5 |
| 32:03 | Crear | Militia ×5 |
| 32:03 | Crear | Militia ×5 |
| 32:03 | Crear | Militia ×5 |
| 32:03 | Crear | Militia ×5 |
| 32:04 | Crear | Militia ×5 |
| 32:04 | Crear | Militia ×5 |
| 32:04 | Crear | Militia ×5 |
| 32:05 | Crear | Militia ×5 |
| 32:05 | Crear | Militia ×5 |
| 32:05 | Crear | Militia ×5 |
| 32:06 | Crear | Militia ×5 |
| 32:06 | Crear | Militia ×5 |
| 32:06 | Crear | Militia ×5 |
| 32:06 | Crear | Militia ×5 |
| 32:07 | Crear | Militia ×5 |
| 32:07 | Crear | Militia ×5 |
| 32:07 | Crear | Militia ×5 |
| 32:08 | Crear | Militia ×5 |
| 32:08 | Crear | Militia ×5 |
| 32:09 | Crear | Militia ×5 |
| 32:09 | Crear | Militia ×5 |
| 32:10 | Crear | Militia ×5 |
| 32:10 | Crear | Militia ×2 |
| 34:13 | Crear | Militia ×5 |
| 34:13 | Crear | Militia ×5 |
| 34:13 | Crear | Militia ×5 |
| 34:14 | Crear | Militia ×5 |
| 34:14 | Crear | Militia ×5 |
| 34:14 | Crear | Militia ×5 |
| 34:15 | Crear | Militia ×5 |
| 34:15 | Crear | Militia ×5 |
| 34:15 | Crear | Militia ×5 |
| 34:16 | Crear | Militia ×5 |
| 34:16 | Crear | Militia ×5 |
| 34:16 | Crear | Militia ×5 |
| 34:16 | Crear | Militia ×5 |
| 34:17 | Crear | Militia ×5 |
| 34:17 | Crear | Militia ×5 |
| 34:17 | Crear | Militia ×5 |
| 34:18 | Crear | Militia ×5 |
| 34:18 | Crear | Militia ×5 |
| 34:18 | Crear | Militia ×5 |
| 34:19 | Crear | Militia ×5 |
| 34:19 | Crear | Militia ×5 |
| 34:19 | Crear | Militia ×5 |
| 34:20 | Crear | Militia ×5 |
| 34:20 | Crear | Militia ×5 |
| 34:20 | Crear | Militia ×5 |
| 34:21 | Crear | Militia ×2 |
| 35:25 | Construir | Siege Workshop |
| 35:27 | Construir | Siege Workshop |
| 35:29 | Construir | Siege Workshop |
| 35:31 | Construir | Siege Workshop |
| 35:34 | Construir | Siege Workshop |
| 36:51 | Investigar | Two-Handed Swordsman (upgrade) |
| 36:54 | Investigar | Chemistry |
| 36:55 | Investigar | Arrowslits |
| 36:56 | Investigar | Shipwright |
| 36:56 | Investigar | Tech 907 |
| 36:57 | Investigar | Dry Dock |
| 36:57 | Investigar | Siege Engineers |
| 37:00 | Investigar | Blast Furnace |
| 37:01 | Investigar | Bracer |
| 37:01 | Investigar | Plate Mail Armor |
| 37:02 | Investigar | Plate Barding Armor |
| 37:05 | Investigar | Hauberk |
| 37:06 | Investigar | Spies/Treason |
| 37:09 | Investigar | Conscription |
| 37:12 | Investigar | Sappers |
| 37:18 | Investigar | Halberdier (upgrade) |
Build order — christbrain
0 acciones detectadas en el replay
Build order — Hamzah A B
Primeras 150 de 419 acciones detectadas
| 7:54 | Investigar | Iron Casting |
| 7:56 | Investigar | Ballistics |
| 8:56 | Investigar | Bodkin Arrow |
| 9:15 | Construir | Stone Wall |
| 9:30 | Investigar | Leather Archer Armor |
| 9:56 | Construir | Stone Wall |
| 11:29 | Construir | Stone Wall |
| 12:00 | Construir | Archery Range |
| 12:07 | Construir | Stable |
| 12:58 | Investigar | Chain Mail Armor |
| 13:43 | Crear | Knight ×5 |
| 13:43 | Crear | Knight ×5 |
| 13:44 | Crear | Knight ×5 |
| 13:44 | Crear | Knight ×5 |
| 14:40 | Investigar | Crossbowman (upgrade) |
| 16:50 | Investigar | Chain Barding Armor |
| 16:56 | Investigar | Careening |
| 17:10 | Construir | Stable |
| 17:12 | Construir | Stable |
| 17:14 | Construir | Stable |
| 18:45 | Crear | Knight ×5 |
| 18:45 | Crear | Knight ×5 |
| 18:45 | Crear | Knight ×5 |
| 18:46 | Crear | Knight ×5 |
| 18:46 | Crear | Knight ×5 |
| 21:04 | Crear | Knight ×4 |
| 21:04 | Crear | Knight ×4 |
| 21:04 | Crear | Knight ×4 |
| 21:05 | Crear | Knight ×5 |
| 21:06 | Crear | Knight ×5 |
| 21:06 | Crear | Knight ×5 |
| 21:06 | Crear | Knight ×5 |
| 21:46 | Crear | Knight ×5 |
| 21:46 | Crear | Knight ×5 |
| 21:46 | Crear | Knight ×5 |
| 21:46 | Crear | Knight ×5 |
| 21:47 | Crear | Knight ×5 |
| 22:37 | Construir | Stable |
| 22:39 | Construir | Stable |
| 22:41 | Construir | Stable |
| 25:05 | Investigar | Bracer |
| 25:11 | Investigar | Cavalier (upgrade) |
| 25:14 | Investigar | Spies/Treason |
| 25:18 | Investigar | Elite Berserk (upgrade) |
| 25:21 | Investigar | Tech 49 |
| 25:24 | Investigar | Conscription |
| 25:34 | Investigar | Arbalester (upgrade) |
| 25:54 | Crear | Knight ×5 |
| 25:54 | Crear | Knight ×5 |
| 25:55 | Crear | Knight ×5 |
| 26:12 | Investigar | Chemistry |
| 26:16 | Investigar | Blast Furnace |
| 26:39 | Investigar | Arrowslits |
| 27:26 | Crear | Archer ×5 |
| 27:27 | Crear | Archer ×5 |
| 27:27 | Crear | Archer ×5 |
| 27:27 | Crear | Archer ×5 |
| 27:27 | Crear | Archer ×5 |
| 28:27 | Crear | Knight ×5 |
| 28:28 | Crear | Knight ×5 |
| 28:28 | Crear | Knight ×5 |
| 28:28 | Crear | Knight ×5 |
| 28:30 | Crear | Knight ×5 |
| 28:30 | Crear | Knight ×5 |
| 28:31 | Crear | Knight ×5 |
| 28:31 | Crear | Knight ×2 |
| 28:32 | Crear | Knight ×5 |
| 28:33 | Crear | Knight ×5 |
| 28:33 | Crear | Knight ×5 |
| 28:33 | Crear | Knight ×5 |
| 28:41 | Investigar | Chieftains |
| 28:57 | Crear | Knight ×5 |
| 28:58 | Crear | Knight ×5 |
| 28:59 | Crear | Knight ×4 |
| 29:04 | Investigar | Guard Tower (upgrade) |
| 29:09 | Investigar | Ring Archer Armor |
| 30:47 | Crear | Knight ×5 |
| 30:48 | Crear | Knight ×5 |
| 30:48 | Crear | Knight ×5 |
| 30:48 | Crear | Knight ×5 |
| 31:26 | Investigar | Sappers |
| 31:29 | Crear | Knight ×5 |
| 31:29 | Crear | Knight ×5 |
| 31:30 | Crear | Knight ×3 |
| 31:33 | Crear | Knight |
| 31:33 | Crear | Knight |
| 31:33 | Crear | Knight ×2 |
| 31:34 | Crear | Knight |
| 31:34 | Crear | Knight ×5 |
| 31:35 | Crear | Knight ×5 |
| 31:35 | Crear | Knight ×5 |
| 31:37 | Crear | Knight ×5 |
| 31:38 | Crear | Knight ×5 |
| 31:38 | Crear | Knight ×5 |
| 31:38 | Crear | Knight ×5 |
| 31:46 | Construir | Archery Range |
| 31:49 | Construir | Archery Range |
| 31:51 | Construir | Archery Range |
| 33:55 | Crear | Archer ×5 |
| 33:55 | Crear | Archer ×5 |
| 33:56 | Crear | Archer ×5 |
| 33:56 | Crear | Archer ×5 |
| 33:57 | Crear | Archer ×5 |
| 33:58 | Crear | Archer ×5 |
| 33:58 | Crear | Archer ×5 |
| 33:58 | Crear | Archer ×5 |
| 34:00 | Crear | Archer ×5 |
| 34:01 | Crear | Archer ×5 |
| 34:01 | Crear | Archer ×5 |
| 34:01 | Crear | Archer ×5 |
| 35:47 | Construir | Stable |
| 35:50 | Construir | Stable |
| 36:17 | Crear | Knight ×5 |
| 36:18 | Crear | Knight ×5 |
| 36:18 | Crear | Knight ×5 |
| 36:18 | Crear | Knight ×5 |
| 36:19 | Crear | Knight ×5 |
| 36:19 | Crear | Knight ×5 |
| 36:19 | Crear | Knight ×5 |
| 36:19 | Crear | Knight ×5 |
| 36:20 | Crear | Knight ×5 |
| 36:20 | Crear | Knight ×5 |
| 36:21 | Crear | Knight ×5 |
| 36:21 | Crear | Knight ×5 |
| 36:21 | Crear | Knight ×5 |
| 36:22 | Crear | Knight ×5 |
| 36:22 | Crear | Knight ×5 |
| 36:22 | Crear | Knight ×5 |
| 36:23 | Crear | Knight ×5 |
| 36:23 | Crear | Knight ×5 |
| 36:33 | Investigar | Plate Mail Armor |
| 36:35 | Investigar | Dry Dock |
| 38:22 | Crear | Knight ×5 |
| 38:22 | Crear | Knight ×5 |
| 38:22 | Crear | Knight ×5 |
| 38:23 | Crear | Knight ×5 |
| 38:23 | Crear | Knight ×5 |
| 38:25 | Crear | Knight ×5 |
| 38:26 | Crear | Knight ×5 |
| 38:26 | Crear | Knight ×5 |
| 38:26 | Crear | Knight ×5 |
| 38:27 | Crear | Knight ×5 |
| 38:27 | Crear | Knight ×5 |
| 38:27 | Crear | Knight ×5 |
| 38:28 | Crear | Knight ×5 |
| 38:28 | Crear | Knight ×5 |
| 38:28 | Crear | Knight ×2 |
| 39:00 | Construir | Stable |
| 39:02 | Construir | Stable |
| 39:04 | Construir | Stable |
Build order — carlos
Primeras 150 de 626 acciones detectadas
| 8:20 | Construir | Archery Range |
| 8:21 | Construir | Archery Range |
| 8:24 | Construir | Archery Range |
| 8:27 | Construir | Archery Range |
| 9:49 | Construir | Stable |
| 9:51 | Construir | Stable |
| 9:53 | Construir | Stable |
| 9:54 | Construir | Stable |
| 14:09 | Investigar | Bloodlines |
| 16:22 | Investigar | Husbandry |
| 16:32 | Crear | Cavalry Archer |
| 16:32 | Crear | Cavalry Archer |
| 16:32 | Crear | Cavalry Archer |
| 16:33 | Crear | Cavalry Archer |
| 16:33 | Crear | Cavalry Archer |
| 16:33 | Crear | Cavalry Archer |
| 16:33 | Crear | Cavalry Archer |
| 16:34 | Crear | Cavalry Archer |
| 16:34 | Crear | Cavalry Archer |
| 16:34 | Crear | Cavalry Archer |
| 16:35 | Crear | Cavalry Archer |
| 16:35 | Crear | Cavalry Archer |
| 16:35 | Crear | Cavalry Archer |
| 16:36 | Crear | Cavalry Archer |
| 16:36 | Crear | Cavalry Archer |
| 16:40 | Crear | Cavalry Archer |
| 16:40 | Crear | Cavalry Archer |
| 16:41 | Crear | Cavalry Archer |
| 16:41 | Crear | Cavalry Archer |
| 16:41 | Crear | Cavalry Archer |
| 16:42 | Crear | Cavalry Archer |
| 16:42 | Crear | Cavalry Archer |
| 16:42 | Crear | Cavalry Archer |
| 16:43 | Crear | Cavalry Archer |
| 16:43 | Crear | Cavalry Archer |
| 16:43 | Crear | Cavalry Archer |
| 16:44 | Crear | Cavalry Archer |
| 16:44 | Crear | Cavalry Archer |
| 16:45 | Crear | Cavalry Archer |
| 16:45 | Crear | Cavalry Archer |
| 16:45 | Crear | Cavalry Archer |
| 16:46 | Crear | Cavalry Archer |
| 16:46 | Crear | Cavalry Archer |
| 16:46 | Crear | Cavalry Archer |
| 16:47 | Crear | Cavalry Archer |
| 16:47 | Crear | Cavalry Archer |
| 16:47 | Crear | Cavalry Archer |
| 16:50 | Crear | Cavalry Archer |
| 16:51 | Crear | Cavalry Archer |
| 16:51 | Crear | Cavalry Archer |
| 16:51 | Crear | Cavalry Archer |
| 16:52 | Crear | Cavalry Archer |
| 16:52 | Crear | Cavalry Archer |
| 16:52 | Crear | Cavalry Archer |
| 16:53 | Crear | Cavalry Archer |
| 17:09 | Investigar | Chain Barding Armor |
| 17:10 | Investigar | Leather Archer Armor |
| 17:11 | Investigar | Bodkin Arrow |
| 17:13 | Investigar | Iron Casting |
| 17:19 | Investigar | Ballistics |
| 17:19 | Investigar | Guard Tower (upgrade) |
| 17:20 | Investigar | Tech 908 |
| 17:21 | Investigar | Careening |
| 17:22 | Investigar | Careening |
| 17:22 | Investigar | Treadmill Crane |
| 18:57 | Crear | Cavalry Archer |
| 18:57 | Crear | Cavalry Archer |
| 18:58 | Crear | Cavalry Archer |
| 18:58 | Crear | Cavalry Archer |
| 18:58 | Crear | Cavalry Archer |
| 18:58 | Crear | Cavalry Archer |
| 18:59 | Crear | Cavalry Archer |
| 18:59 | Crear | Cavalry Archer |
| 18:59 | Crear | Cavalry Archer |
| 19:00 | Crear | Cavalry Archer |
| 19:00 | Crear | Cavalry Archer |
| 19:24 | Crear | Cavalry Archer |
| 19:24 | Crear | Cavalry Archer |
| 19:24 | Crear | Cavalry Archer |
| 21:47 | Crear | Cavalry Archer |
| 21:47 | Crear | Cavalry Archer |
| 21:48 | Crear | Cavalry Archer |
| 21:48 | Crear | Cavalry Archer |
| 21:48 | Crear | Cavalry Archer |
| 21:49 | Crear | Cavalry Archer |
| 21:49 | Crear | Cavalry Archer |
| 21:50 | Crear | Cavalry Archer |
| 21:50 | Crear | Cavalry Archer |
| 21:50 | Crear | Cavalry Archer |
| 21:51 | Crear | Cavalry Archer |
| 21:51 | Crear | Cavalry Archer |
| 24:53 | Crear | Cavalry Archer |
| 24:53 | Crear | Cavalry Archer |
| 24:53 | Crear | Cavalry Archer |
| 24:54 | Crear | Cavalry Archer |
| 24:57 | Crear | Cavalry Archer |
| 24:57 | Crear | Cavalry Archer |
| 24:57 | Crear | Cavalry Archer |
| 24:58 | Crear | Cavalry Archer |
| 24:58 | Crear | Cavalry Archer |
| 24:58 | Crear | Cavalry Archer |
| 24:59 | Crear | Cavalry Archer |
| 24:59 | Crear | Cavalry Archer |
| 24:59 | Crear | Cavalry Archer |
| 24:59 | Crear | Cavalry Archer |
| 25:00 | Crear | Cavalry Archer |
| 28:07 | Investigar | Cavalier (upgrade) |
| 28:09 | Investigar | Heavy Cavalry Archer (upgrade) |
| 28:26 | Crear | Knight |
| 28:27 | Crear | Knight |
| 28:27 | Crear | Knight |
| 28:27 | Crear | Knight |
| 28:28 | Crear | Knight |
| 28:28 | Crear | Knight |
| 28:28 | Crear | Knight |
| 28:29 | Crear | Knight |
| 28:29 | Crear | Knight |
| 28:29 | Crear | Knight |
| 28:30 | Crear | Knight |
| 28:30 | Crear | Knight |
| 28:34 | Crear | Knight |
| 28:34 | Crear | Knight |
| 28:35 | Crear | Knight |
| 28:36 | Crear | Knight |
| 28:37 | Crear | Knight |
| 28:37 | Crear | Knight |
| 28:37 | Crear | Knight |
| 28:38 | Crear | Knight |
| 28:38 | Crear | Knight |
| 28:38 | Crear | Knight |
| 28:39 | Crear | Knight |
| 28:39 | Crear | Knight |
| 28:39 | Crear | Knight |
| 28:40 | Crear | Knight |
| 28:40 | Crear | Knight |
| 28:41 | Crear | Knight |
| 28:41 | Crear | Knight |
| 28:41 | Crear | Knight |
| 28:42 | Crear | Knight |
| 28:43 | Crear | Knight |
| 28:43 | Crear | Knight |
| 28:43 | Crear | Knight |
| 28:46 | Crear | Knight |
| 28:46 | Crear | Knight |
| 28:46 | Crear | Knight |
| 28:47 | Crear | Knight |
| 28:47 | Crear | Knight |
| 28:47 | Crear | Knight |
| 28:48 | Crear | Knight |
| 28:48 | Crear | Knight |
Build order — Jorge Rial
Primeras 150 de 238 acciones detectadas
| 5:33 | Investigar | Atlatl |
| 5:54 | Investigar | Iron Casting |
| 5:55 | Investigar | Chain Mail Armor |
| 6:12 | Investigar | Guard Tower (upgrade) |
| 14:51 | Investigar | Bodkin Arrow |
| 14:51 | Investigar | Leather Archer Armor |
| 15:01 | Investigar | Ballistics |
| 15:02 | Investigar | Treadmill Crane |
| 23:32 | Investigar | Garland Wars |
| 23:34 | Investigar | Blast Furnace |
| 23:35 | Investigar | Plate Mail Armor |
| 23:44 | Investigar | Conscription |
| 23:46 | Investigar | Elite Jaguar Warrior (upgrade) |
| 23:53 | Investigar | Bracer |
| 24:00 | Investigar | Sappers |
| 24:24 | Investigar | Spies/Treason |
| 25:03 | Investigar | Chemistry |
| 25:05 | Investigar | Siege Engineers |
| 25:10 | Investigar | Chemistry |
| 41:39 | Construir | Barracks |
| 41:47 | Construir | Gate |
| 42:47 | Crear | Militia |
| 42:50 | Crear | Spearman |
| 42:51 | Investigar | Pikeman (upgrade) |
| 43:06 | Crear | Spearman |
| 43:07 | Crear | Spearman |
| 43:08 | Crear | Spearman |
| 43:10 | Crear | Spearman |
| 43:26 | Construir | Barracks |
| 43:28 | Construir | Barracks |
| 43:30 | Construir | Barracks |
| 43:34 | Construir | Barracks |
| 43:35 | Construir | Barracks |
| 43:35 | Construir | Barracks |
| 43:36 | Construir | Barracks |
| 43:36 | Construir | Barracks |
| 43:37 | Construir | Barracks |
| 43:38 | Construir | Barracks |
| 43:43 | Crear | Spearman |
| 43:43 | Crear | Spearman |
| 43:43 | Crear | Spearman |
| 43:44 | Crear | Spearman |
| 44:14 | Crear | Spearman |
| 44:14 | Crear | Spearman |
| 44:15 | Crear | Spearman |
| 44:24 | Crear | Spearman |
| 44:25 | Crear | Spearman |
| 44:25 | Crear | Spearman |
| 45:45 | Construir | Siege Workshop |
| 45:46 | Construir | Siege Workshop |
| 45:48 | Construir | Siege Workshop |
| 45:49 | Construir | Siege Workshop |
| 45:53 | Crear | Spearman |
| 45:53 | Crear | Spearman |
| 45:54 | Crear | Spearman |
| 45:54 | Crear | Spearman |
| 45:58 | Investigar | Gambesons |
| 46:03 | Investigar | Arson |
| 46:07 | Crear | Spearman |
| 46:07 | Crear | Spearman |
| 46:08 | Crear | Spearman |
| 46:09 | Crear | Spearman |
| 46:09 | Crear | Spearman |
| 46:10 | Crear | Spearman |
| 46:10 | Crear | Spearman |
| 46:10 | Crear | Spearman |
| 46:10 | Crear | Spearman |
| 48:32 | Construir | Siege Workshop |
| 48:34 | Construir | Siege Workshop |
| 48:37 | Construir | Siege Workshop |
| 48:40 | Construir | Siege Workshop |
| 48:42 | Construir | Siege Workshop |
| 48:45 | Construir | Siege Workshop |
| 49:33 | Investigar | Onager (upgrade) |
| 49:46 | Construir | Siege Workshop |
| 49:47 | Construir | Siege Workshop |
| 49:50 | Construir | Siege Workshop |
| 49:51 | Construir | Siege Workshop |
| 50:57 | Investigar | Siege Onager (upgrade) |
| 51:22 | Investigar | Capped Ram (upgrade) |
| 51:36 | Crear | Battering Ram |
| 51:36 | Crear | Battering Ram |
| 51:36 | Crear | Battering Ram |
| 51:36 | Crear | Battering Ram |
| 51:37 | Crear | Battering Ram |
| 51:37 | Crear | Battering Ram |
| 51:37 | Crear | Battering Ram |
| 51:38 | Crear | Battering Ram |
| 51:38 | Crear | Battering Ram |
| 51:38 | Crear | Battering Ram |
| 51:39 | Crear | Battering Ram |
| 51:39 | Crear | Battering Ram |
| 51:39 | Crear | Battering Ram |
| 51:42 | Crear | Battering Ram |
| 52:09 | Construir | University |
| 52:17 | Construir | Siege Workshop |
| 52:23 | Investigar | Siege Ram (upgrade) |
| 52:24 | Crear | Battering Ram |
| 52:24 | Crear | Battering Ram |
| 52:25 | Crear | Battering Ram |
| 52:25 | Crear | Battering Ram |
| 52:25 | Crear | Battering Ram |
| 52:25 | Crear | Battering Ram |
| 52:26 | Crear | Battering Ram |
| 52:27 | Crear | Battering Ram |
| 52:27 | Crear | Battering Ram |
| 52:28 | Crear | Battering Ram |
| 52:28 | Crear | Battering Ram |
| 52:29 | Crear | Battering Ram |
| 52:29 | Crear | Battering Ram |
| 52:29 | Crear | Battering Ram |
| 52:30 | Crear | Battering Ram |
| 52:42 | Crear | Battering Ram |
| 52:43 | Crear | Battering Ram |
| 52:43 | Crear | Battering Ram |
| 52:43 | Crear | Battering Ram |
| 52:44 | Crear | Battering Ram |
| 52:44 | Crear | Battering Ram |
| 53:00 | Crear | Battering Ram |
| 53:01 | Crear | Battering Ram |
| 53:01 | Crear | Battering Ram |
| 53:01 | Crear | Battering Ram |
| 54:43 | Crear | Battering Ram |
| 54:43 | Crear | Battering Ram |
| 54:44 | Crear | Battering Ram |
| 54:44 | Crear | Battering Ram |
| 55:06 | Crear | Battering Ram |
| 55:07 | Crear | Battering Ram |
| 55:07 | Crear | Battering Ram |
| 55:07 | Crear | Battering Ram |
| 55:08 | Crear | Battering Ram |
| 55:08 | Crear | Battering Ram |
| 55:09 | Crear | Battering Ram |
| 55:09 | Crear | Battering Ram |
| 55:10 | Crear | Battering Ram |
| 55:10 | Crear | Battering Ram |
| 55:26 | Crear | Battering Ram |
| 55:26 | Crear | Battering Ram |
| 55:27 | Crear | Battering Ram |
| 55:27 | Crear | Battering Ram |
| 55:27 | Crear | Battering Ram |
| 55:28 | Crear | Battering Ram |
| 55:28 | Crear | Battering Ram |
| 55:29 | Crear | Battering Ram |
| 55:29 | Crear | Battering Ram |
| 55:30 | Crear | Battering Ram |
| 55:30 | Crear | Battering Ram |
| 55:30 | Crear | Battering Ram |
| 55:31 | Crear | Battering Ram |
| 55:31 | Crear | Battering Ram |
Build order — Rntotal10
Primeras 150 de 2224 acciones detectadas
| 12:05 | Construir | Stable |
| 12:06 | Construir | Stable |
| 12:08 | Construir | Stable |
| 12:11 | Construir | Stable |
| 12:16 | Construir | Stable |
| 12:30 | Construir | Stable |
| 12:32 | Construir | Stable |
| 12:34 | Construir | Stable |
| 12:35 | Construir | Stable |
| 12:39 | Construir | Stable |
| 12:41 | Construir | Stable |
| 12:44 | Construir | Stable |
| 14:14 | Construir | Stable |
| 14:16 | Construir | Stable |
| 14:18 | Construir | Stable |
| 17:47 | Investigar | Ballistics |
| 17:47 | Investigar | Guard Tower (upgrade) |
| 17:50 | Investigar | Careening |
| 17:50 | Investigar | Treadmill Crane |
| 17:51 | Investigar | Tech 909 |
| 17:52 | Investigar | Tech 908 |
| 17:56 | Investigar | Iron Casting |
| 17:57 | Investigar | Chain Mail Armor |
| 17:57 | Investigar | Chain Barding Armor |
| 17:58 | Investigar | Leather Archer Armor |
| 17:59 | Investigar | Bodkin Arrow |
| 18:03 | Investigar | Tech 1404 |
| 18:07 | Investigar | Husbandry |
| 18:46 | Crear | Knight |
| 18:46 | Crear | Knight |
| 18:47 | Crear | Knight |
| 18:47 | Crear | Knight |
| 18:47 | Crear | Knight |
| 18:48 | Crear | Knight |
| 18:48 | Crear | Knight |
| 18:48 | Crear | Knight |
| 18:48 | Crear | Knight |
| 18:48 | Crear | Knight |
| 18:48 | Crear | Knight |
| 18:48 | Crear | Knight |
| 18:49 | Crear | Knight |
| 18:49 | Crear | Knight |
| 18:49 | Crear | Knight |
| 18:49 | Crear | Knight |
| 18:49 | Crear | Knight |
| 18:49 | Crear | Knight |
| 18:49 | Crear | Knight |
| 18:50 | Crear | Knight |
| 18:50 | Crear | Knight |
| 18:50 | Crear | Knight |
| 18:50 | Crear | Knight |
| 18:50 | Crear | Knight |
| 18:50 | Crear | Knight |
| 18:51 | Crear | Knight |
| 18:51 | Crear | Knight |
| 18:51 | Crear | Knight |
| 18:51 | Crear | Knight |
| 18:51 | Crear | Knight |
| 18:51 | Crear | Knight |
| 18:51 | Crear | Knight |
| 18:52 | Crear | Knight |
| 18:52 | Crear | Knight |
| 18:52 | Crear | Knight |
| 18:52 | Crear | Knight |
| 18:52 | Crear | Knight |
| 18:52 | Crear | Knight |
| 18:53 | Crear | Knight |
| 18:53 | Crear | Knight |
| 18:53 | Crear | Knight |
| 19:03 | Construir | Siege Workshop |
| 19:08 | Construir | Siege Workshop |
| 19:13 | Construir | Siege Workshop |
| 19:44 | Crear | Knight |
| 19:45 | Crear | Knight |
| 19:45 | Crear | Knight |
| 19:45 | Crear | Knight |
| 19:46 | Crear | Knight |
| 19:46 | Crear | Knight |
| 19:46 | Crear | Knight |
| 19:47 | Crear | Knight |
| 19:47 | Crear | Knight |
| 19:47 | Crear | Knight |
| 19:47 | Crear | Knight |
| 19:47 | Crear | Knight |
| 19:47 | Crear | Knight |
| 19:47 | Crear | Knight |
| 19:48 | Crear | Knight |
| 19:48 | Crear | Knight |
| 19:48 | Crear | Knight |
| 19:48 | Crear | Knight |
| 19:48 | Crear | Knight |
| 19:48 | Crear | Knight |
| 19:48 | Crear | Knight |
| 19:49 | Crear | Knight |
| 19:49 | Crear | Knight |
| 19:49 | Crear | Knight |
| 19:49 | Crear | Knight |
| 20:33 | Crear | Knight |
| 20:33 | Crear | Knight |
| 20:34 | Crear | Knight |
| 20:34 | Crear | Knight |
| 20:34 | Crear | Knight |
| 20:34 | Crear | Knight |
| 20:34 | Crear | Knight |
| 20:34 | Crear | Knight |
| 20:34 | Crear | Knight |
| 20:35 | Crear | Knight |
| 20:35 | Crear | Knight |
| 20:35 | Crear | Knight |
| 20:35 | Crear | Knight |
| 20:35 | Crear | Knight |
| 20:35 | Crear | Knight |
| 20:36 | Crear | Knight |
| 20:36 | Crear | Knight |
| 20:36 | Crear | Knight |
| 20:36 | Crear | Knight |
| 20:36 | Crear | Knight |
| 20:36 | Crear | Knight |
| 20:36 | Crear | Knight |
| 20:37 | Crear | Knight |
| 20:37 | Crear | Knight |
| 20:37 | Crear | Knight |
| 20:37 | Crear | Knight |
| 20:37 | Crear | Knight |
| 20:37 | Crear | Knight |
| 20:38 | Crear | Knight |
| 20:38 | Crear | Knight |
| 20:38 | Crear | Knight |
| 20:54 | Construir | Siege Workshop |
| 21:34 | Crear | Knight |
| 21:34 | Crear | Knight |
| 21:34 | Crear | Knight |
| 21:34 | Crear | Knight |
| 21:34 | Crear | Knight |
| 21:34 | Crear | Knight |
| 21:35 | Crear | Knight |
| 21:35 | Crear | Knight |
| 21:35 | Crear | Knight |
| 21:35 | Crear | Knight |
| 21:35 | Crear | Knight |
| 21:35 | Crear | Knight |
| 21:35 | Crear | Knight |
| 21:36 | Crear | Knight |
| 21:36 | Crear | Knight |
| 21:36 | Crear | Knight |
| 21:36 | Crear | Knight |
| 21:36 | Crear | Knight |
| 21:36 | Crear | Knight |
| 21:37 | Crear | Knight |
| 21:37 | Crear | Knight |
Cronología de la partida
| 8:20 | carlos · first_building Archery Range |
| 9:06 | [ ARKI ! ] · first_building Archery Range |
| 9:15 | Hamzah A B · wall_segment Stone Wall x18 |
| 9:49 | carlos · first_building Stable |
| 9:56 | Hamzah A B · wall_segment Stone Wall x7 |
| 10:00 | christbrain · resign |
| 11:29 | Hamzah A B · wall_segment Stone Wall x22 |
| 12:00 | Hamzah A B · first_building Archery Range |
| 12:05 | Rntotal10 · first_building Stable |
| 12:07 | Hamzah A B · first_building Stable |
| 15:07 | zedian · first_building Stable |
| 19:03 | Rntotal10 · first_building Siege Workshop |
| 20:25 | [ ARKI ! ] · first_building Barracks |
| 26:01 | Rntotal10 · first_building Archery Range |
| 26:45 | Johnny · first_building Barracks |
| 27:43 | zedian · first_building Siege Workshop |
| 35:25 | Johnny · first_building Siege Workshop |
| 40:08 | Hamzah A B · wall_segment Stone Wall x18 |
| 41:39 | Jorge Rial · first_building Barracks |
| 45:45 | Jorge Rial · first_building Siege Workshop |
| 48:15 | [ ARKI ! ] · first_building Siege Workshop |
| 55:34 | Hamzah A B · wall_segment Stone Wall x1 |
[ ANÁLISIS IA · 1 CRÉDITO ]
¿Qué pasó realmente en esta partida?
Wolo.gg analiza cada decisión: build order, eco, micro, errores típicos por bracket. Análisis personalizado por WhatsApp o Discord en 30 segundos.
Guía civ
Polacos
Perfil
Jugador #288343